 Dungeon Crawl Stone Soup version 0.19-a0-1920-g83281cb (console) character file.

2734 brucemayne the Cleaver (level 9, -4/62 HPs)
             Began as a Vampire Berserker on Oct 23, 2016.
             Was a Believer of Trog.
             Slain by an orc
             ... wielding a +2 flail of protection
              (5 damage)
             ... on level 10 of the Dungeon.
             The game lasted 00:17:40 (3779 turns).

brucemayne the Cleaver (Vampire Berserker)          Turns: 3779, Time: 00:17:41

Health: -4/62      AC:  6    Str: 19    XL:     9   Next: 40%
Magic:  9/9        EV: 11    Int:  9    God:    Trog [**....]
Gold:   402        SH:  0    Dex: 14    Spells: 0 memorised, 8 levels left

rFire  . . .     SeeInvis +     u - +0 trident (vamp)
rCold  + . .     Gourm    .     h - +0 ring mail
rNeg   + + .     Faith    .     (no shield)
rPois  +         Spirit   .     (no helmet)
rElec  .         Reflect  .     (no cloak)
rCorr  .         Harm     .     (no gloves)
MR     .....                    x - +0 pair of boots
Stlth  ++........               (no amulet)
                                (no ring)
                                (no ring)

@: exhausted, regenerating slowly, slowed, very slow
A: fangs 3, see invisible, unbreathing
a: Bat Form, Berserk, Trog's Hand, Burn Spellbooks, Renounce Religion


You were on level 10 of the Dungeon.
You worshipped Trog.
Trog was pleased with you.
You were very thirsty.

You visited 1 branch of the dungeon, and saw 10 of its levels.

You collected 402 gold pieces.

Inventory:

Hand Weapons
 a - a +0 hand axe
 l - a +0 flail
 q - a +2 hand axe of freezing
 r - a +2 hand axe of chopping
 u - a +0 vampiric trident (weapon)
 A - the +6 quarterstaff "Urewk" {crush, rN+, unknown}
   (You found it on level 9 of the Dungeon)

   It inflicts extra damage upon your enemies.
   It protects you from negative energy.
Armour
 b - a +0 animal skin
 c - a +0 leather armour
 h - a +0 ring mail (worn)
 m - a cursed +0 shield
 n - a +0 chain mail
 v - a +0 scale mail
 x - a +0 pair of boots (worn)
 D - a +0 chain mail
Wands
 p - a wand of polymorph (0/24)
 w - a wand of lightning (6/15)
 y - a wand of lightning (12/15)
 B - a wand of flame (17/48)
Scrolls
 e - a scroll of amnesia {unknown}
 i - 3 scrolls of remove curse
 j - a scroll of fog
 k - 2 scrolls of enchant armour {unknown}
 o - 2 scrolls of identify
 s - a scroll of blinking {unknown}
 t - a scroll of immolation {unknown}
Potions
 d - a potion of curing
 g - 2 potions of heal wounds {unknown}
 z - a potion of lignification {unknown}
 C - 2 potions of blood
Books
 f - a book of Cantrips

   Spells                             Type                      Level
   a - Confusing Touch                Hexes                        1
   b - Animate Skeleton               Necromancy                   1
   c - Summon Small Mammal            Summoning                    1
   d - Apportation                    Translocation                1
   Trog disapproves of the use of such an item.


   Skills:
 - Level 2.6 Fighting
 + Level 11.9 Axes
 - Level 1.5 Armour
 - Level 2.1 Dodging


You had 8 spell levels left.
You didn't know any spells.

Dungeon Overview and Level Annotations

Branches:
Dungeon (10/15)
 Temple: D:4-7         Lair: D:8-11         Orc: D:9-12

Altars:
Gozag
Nemelex Xobeh
Trog
The Shining One

Shops:
D:8 *

Annotations:
D:4 Blork the orc; kae's ghost, novice FoFi
D:5 exclusion: upstairs
D:6 exclusion: downstairs


Innate Abilities, Weirdness & Mutations

You heal slowly.
You have razor-sharp teeth.
You have supernaturally acute eyesight. (SInv)
You can survive without breathing.


Message History

You are too injured to fight recklessly!
The orc hits you but does no damage.
You are too injured to fight recklessly!
You are too injured to fight recklessly!
You are too injured to fight recklessly!
You hit the orc but do no damage.
The orc hits you with a flail of protection.
* * * LOW HITPOINT WARNING * * *
You barely miss the orc.
The orc hits you with a flail of protection!
* * * LOW HITPOINT WARNING * * *
You hit the orc but do no damage.
The orc hits you with a flail of protection.
* * * LOW HITPOINT WARNING * * *
You barely miss the orc. You bite the orc, but do no damage.
The orc hits you with a flail of protection.
* * * LOW HITPOINT WARNING * * *
You hit the orc but do no damage.
The orc hits you with a flail of protection.
You die...

#.# #..#...#......##
#.# #..............+
#.# ########.......#
#.#########.........#
#.........#...o.....#
####.####.#...รท..##.#
#.# #.####)### ## #.#
#.# #.# #<#
#@####.########## ###
#.o.............#
######.########.#
#......# #.#
#.#############.# #.#
#.........# #.#
#.######### #.# #.#
#.# #.####


You could see an orc.

Vanquished Creatures
  Erica (D:10)
  3 sky beasts
  An ice beast (D:10)
  3 ogres
  5 bullfrogs
  4 scorpions
  3 killer bees (D:7)
  3 crimson imps
  A centaur zombie (D:7)
  A quasit (D:6)
  2 orc priests (D:6)
  2 hounds
  2 iguanas
  Natasha (D:2)
  6 orc wizards
  3 worker ants
  A hound zombie (D:7)
  A howler monkey skeleton (D:5)
  7 adders
  3 gnolls (D:5)
  3 shadow imps
  An adder zombie (D:7)
  An adder skeleton (D:8)
  A leopard gecko (D:3)
  19 orcs
  3 giant cockroaches
  4 goblins
  A hobgoblin (D:1)
  4 jackals (D:1)
  3 quokkas
  A bat (D:2)
  2 frilled lizards
  2 kobolds
  A leopard gecko zombie (D:8)
  6 rats
105 creatures vanquished.

Notes
Turn   | Place    | Note
-------+----------+-------------------------------------------
     0 | D:1      | brucemayne the Vampire Berserker began the quest for the Orb.
     0 | D:1      | Reached XP level 1. HP: 17/17 MP: 1/1
   124 | D:1      | Reached skill level 3 in Axes
   233 | D:2      | Reached XP level 2. HP: 13/23 MP: 2/2
   336 | D:2      | Noticed Natasha
   340 | D:2      | Killed Natasha
   340 | D:2      | Reached skill level 4 in Axes
   340 | D:2      | Reached XP level 3. HP: 16/28 MP: 3/3
   384 | D:2      | Noticed a moth of wrath
   387 | D:2      | Found a bloodstained altar of Trog.
   741 | D:4      | Reached XP level 4. HP: 34/34 MP: 4/4
   757 | D:4      | Noticed kae's ghost (novice FoFi)
   865 | D:4      | Reached skill level 5 in Axes
   947 | D:4      | Noticed Blork the orc
  1069 | D:3      | Reached XP level 5. HP: 22/39 MP: 5/5
  1265 | D:3      | Reached ** piety under Trog
  1430 | D:5      | Entered Level 5 of the Dungeon
  1450 | D:5      | Found a glowing golden altar of the Shining One.
  1531 | D:5      | Reached skill level 6 in Axes
  1608 | D:6      | Noticed an orc warrior
  1634 | D:6      | Reached XP level 6. HP: 44/46 MP: 6/6
  1791 | D:6      | Reached skill level 7 in Axes
  1890 | D:6      | Reached XP level 7. HP: 34/51 MP: 7/7
  2085 | D:6      | Reached skill level 8 in Axes
  2298 | D:7      | Reached skill level 9 in Axes
  2298 | D:7      | Reached XP level 8. HP: 42/57 MP: 8/8
  2966 | D:9      | Got a translucent quarterstaff
  3031 | D:8      | Reached skill level 10 in Axes
  3056 | D:8      | Found a sparkling altar of Nemelex Xobeh.
  3056 | D:8      | Found an opulent altar of Gozag.
  3195 | D:8      | Found Fipleel's Assorted Antiques.
  3491 | D:10     | Entered Level 10 of the Dungeon
  3496 | D:10     | Noticed a hornet
  3685 | D:10     | Reached skill level 11 in Axes
  3685 | D:10     | Reached XP level 9. HP: 16/62 MP: 9/9
  3734 | D:10     | Noticed Erica
  3762 | D:10     | Killed Erica
  3777 | D:10     | HP: 3/62 [orc/flail of protection (5)]
  3778 | D:10     | HP: 1/62 [orc/flail of protection (2)]
  3779 | D:10     | Slain by an orc

Vault maps used:
D:1:      dpeg_arrival_arbitrary_a
D:2:      minmay_door_path, tgw_trog, first_bread, minmay_surrounded,
          uniq_natasha
D:3:      minmay_roachtagon, overflow_temple_1_default,
          lemuel_zombie_altar_yredelemnul, wad_orctagon
D:4:      lemuel_castle_with_subvaults, uniq_blork_the_orc
D:5:      wad_lake_hut, lemuel_crystal_altar, uniq_edmund, uniq_pikel
D:7:      uniq_joseph
D:8:      grunt_temple_overflow_opulence, nicolae_overflow_crystal_walls,
          serial_shops, shop_fountains, doesnt_xom_only_xom, uniq_grum
D:9:      david_lair_shrubbed, basic_altar
D:10:     minmay_diamond_stairs, uniq_erica

Skill      XL: |  1  2  3  4  5  6  7  8 |
---------------+-------------------------+-----
Axes           | 3 4 5 6 7 9 11 | 11.9
Fighting       | |  2.6
Armour         | |  1.5
Dodging        | |  2.1

Action                   |  1- 3 |  4- 6 |  7- 9 || total
-------------------------+-------+-------+-------++-------
Melee: Hand axe          |    51 |   148 |     7 ||   206
       Bite              |     5 |    12 |    46 ||    63
       Trident           |       |       |   360 ||   360
Invok: Berserk           |     4 |     3 |     5 ||    12
       Trog's Hand       |       |     1 |    12 ||    13
 Abil: End Transformatio |     1 |     4 |     5 ||    10
       Bat Form          |     1 |     4 |     5 ||    10
Evoke: Wand              |       |       |     2 ||     2
  Use: Potion            |     2 |     7 |    14 ||    23
       Scroll            |       |       |     4 ||     4
 Stab: Sleeping          |     1 |       |     3 ||     4
       Distracted        |       |       |     1 ||     1
Armor: Animal skin       |    12 |       |       ||    12
       Ring mail         |     1 |    32 |   101 ||   134
Dodge: Dodged            |    29 |    81 |   193 ||   303
